 Dungeon Crawl Stone Soup version 0.29-a0-732-g3d7fbe0af2 (webtiles) character file.

Game seed: 8089233902168323490

6854 Sabo the Protected (level 10, -2/90 HPs)
             Began as a Minotaur Fighter on June 28, 2022.
             Was a High Priest of the Shining One.
             Slain by a two-headed ogre
             ... wielding a +0 giant club
              (14 damage)
             ... on level 9 of the Dungeon on June 29, 2022.
             The game lasted 01:07:15 (11766 turns).

Sabo the Protected (Minotaur Fighter)              Turns: 11766, Time: 01:07:18

Health: -2/90      AC: 12    Str: 32    XL:     10   Next: 78%
Magic:  0/9        EV: 10    Int:  7    God:    the Shining One [*****.]
Gold:   468        SH:  9    Dex:  7    Spells: 9/9 levels left

rFire   + . .      SeeInvis +   G - +11 whip of Disharmony {speed, rPois Will+ Int+2}
rCold   + . .      Faith    .   i - +0 kite shield
rNeg    + + .      Spirit   +   y - +0 scale mail of Mougoh {Contam rF+ Will++ SInv}
rPois   +          Reflect  .   (helmet restricted)
rElec   .          Harm     .   h - +2 cloak
rCorr   .          Rampage  .   (no gloves)
Will    +++..                   (no boots)
Stlth   ..........              D - amulet of guardian spirit
HPRegen 0.25/turn               g - ring of protection from cold
MPRegen 0.11/turn               u - +6 ring of strength

@: glowing
A: horns 2, retaliatory headbutt, clumsy 1
a: Renounce Religion, Divine Shield, Cleansing Flame, Summon Divine Warrior


You were on level 9 of the Dungeon.
You worshipped the Shining One.
The Shining One was extremely pleased with you.
You visited 1 branch of the dungeon, and saw 9 of its levels.
You also visited: Bailey.

You collected 468 gold pieces.

Inventory:

Hand Weapons
 a - a +0 war axe
 v - a +2 hammer of protection
 A - the +4 dagger "Metrizo" {freeze, rF- Int+7}
   (You found it on level 7 of the Dungeon)

   It freezes those it strikes, dealing additional cold damage.
   It can also slow down cold-blooded creatures.
   Int:       It affects your intelligence (+7).
   rF:        It makes you vulnerable to fire.
 B - a +3 trident
 E - a +4 morningstar
 G - the +11 whip of Disharmony (weapon) {speed, rPois Will+ Int+2}
   (You found it on level 8 of the Dungeon)

   Attacks with this weapon are significantly faster.
   Int:       It affects your intelligence (+2).
   rPois:     It protects you from poison.
   Will:      It increases your willpower.
 I - a +5 flail
 J - a +5 scimitar of freezing
Missiles
 f - a throwing net
 n - 4 silver javelins (quivered)
 t - 7 poisoned darts
 x - 2 boomerangs
Armour
 h - a +2 cloak (worn)
 i - a +0 kite shield (worn)
 y - the +0 scale mail of Mougoh (worn) {Contam rF+ Will++ SInv}
   (You found it on level 6 of the Dungeon)

   rF:        It protects you from fire.
   SInv:      It lets you see invisible.
   Contam:    It causes magical contamination when unequipped.
   Will:      It greatly increases your willpower.
Jewellery
 g - a ring of protection from cold (left hand)
 u - a +6 ring of strength (right hand)
 D - an amulet of guardian spirit (around neck)
Wands
 o - a wand of flame (39)
Scrolls
 b - 3 scrolls of enchant armour
 c - a scroll of fog
 j - 4 scrolls of blinking
 m - 2 scrolls of teleportation
 p - a scroll of poison
 s - a scroll of silence
 C - a scroll of enchant weapon
Potions
 d - a potion of might
 e - a potion of berserk rage {unknown}
 k - a potion of magic {unknown}
 l - a potion of ambrosia {unknown}
 q - 2 potions of degeneration {unknown}
 r - 7 potions of curing
 z - a potion of lignification {unknown}
 F - a potion of cancellation {unknown}
Miscellaneous
 w - a piece from Xom's chessboard (15/15)


   Skills:
 + Level 8.6 Fighting
 + Level 9.1(10.6) Axes
 + Level 8.6(10.4) Maces & Flails
 + Level 9.5 Armour
 + Level 5.4 Dodging
 + Level 1.6 Stealth
 + Level 8.6 Shields


You had 9 spell levels left.
You didn't know any spells.
Your spell library contained the following spells:

 Spells                   Type           Power      Damage    Failure   Level
 Static Discharge         Conj/Air       0%         N/A       96%         2
 Ignite Poison            Fire/Tmut/Pois 0%         N/A       99%         3
 Mephitic Cloud           Conj/Pois/Air  0%         N/A       99%         3
 Fireball                 Conj/Fire      0%         3d3       100%        5
 Freezing Cloud           Conj/Ice/Air   0%         6-21      100%        5
 Lightning Bolt           Conj/Air       0%         1d11      100%        5
 Starburst                Conj/Fire      0%         6d3       100%        6
 Ignition                 Fire           0%         3d3       100%        8
 Maxwell's Capacitive Co  Air            0%         ∞         100%        8


Dungeon Overview and Level Annotations

Branches:
Dungeon (9/15)             Temple (0/1) D:6          Bailey (visited)
   Lair: D:8-11         Orc: D:9-12

Altars:
Cheibriados
Kikubaaqudgha
Qazlal
Ru
Sif Muna
Trog
Xom
The Shining One

Shops:
D:5 (


Innate Abilities, Weirdness & Mutations

You have a pair of horns on your head.
You reflexively headbutt those who attack you in melee.
You are clumsy. (Dex -2)


Message History

You whack the centaur!
The centaur is heavily wounded.
You block the centaur's attack. The centaur barely misses you.
You block the centaur's attack. The centaur completely misses you.
The wyvern barely misses you.
You whack the centaur!
The centaur is almost dead.
The centaur barely misses you.
The centaur kicks you but does no damage.
The centaur hits you. The centaur closely misses you.
You whack the centaur!
You kill the centaur!
The wyvern barely misses you. The two-headed ogre closely misses you.
You furiously retaliate!
You headbutt the two-headed ogre, but do no damage.
The two-headed ogre hits you with a +0 giant club.
The centaur wields a +0 shortbow.
The centaur shoots an arrow.
You block the arrow. You block the wyvern's attack. The wyvern bites you!
The centaur shoots an arrow.
The arrow misses you.
Things that are here:
a +0 shortbow; a centaur corpse You whack the two-headed ogre!
The two-headed ogre is moderately wounded.
The two-headed ogre hits you with a +0 giant club!!
The two-headed ogre barely misses you. The wyvern closely misses you.
You whack the two-headed ogre!
The two-headed ogre is moderately wounded.
The centaur shoots an arrow.
The arrow barely misses you.
You hit the two-headed ogre. You headbutt the two-headed ogre.
The two-headed ogre is heavily wounded.
You block the wyvern's attack.
The centaur shoots an arrow.
The arrow hits you!
* * * LOW HITPOINT WARNING * * *
You whack the two-headed ogre!
The two-headed ogre is severely wounded.
The centaur shoots an arrow.
The arrow hits you but does no damage.
The wyvern bites you but does no damage.
The two-headed ogre hits you with a +0 giant club!
* * * LOW HITPOINT WARNING * * *
The two-headed ogre hits you with a +0 giant club!
You die...

######....###### #.#####
##...##...##...## #.#####
#.....#####.....# #...)..
#...............# #######
#.....#####.....# #
##...##...##...### #
##.##.....##.##.##### #
####[#......l#c##.....# ###
#..).#...:..@')######.#####..
##.##.#......O#.# #.........
#..##.##.....##.# #.........
#.##...##...# ... #........♣
#.# ....#### ....###......♣..
#.#...... .....#....<...♣♣.
#.#.....#####.....###.........
#.##...##...##...## #......♣♣.
#..#####.....##### #......♣..


You could see a two-headed ogre, a wyvern and a centaur.

Vanquished Creatures
  A two-headed ogre (D:8)
  Pikel (D:6)
  2 trolls (D:9)
  Prince Ribbit (D:7)
  Sigmund (D:2)
  Grum (D:8)
  A steam dragon (D:8)
  A water moccasin (D:7)
  7 orc warriors
  2 sky beasts
  2 ogres (D:5)
  4 wolves (D:8)
  A phantom (D:6)
  7 centaurs
  A kobold brigand (D:3)
  4 gnoll sergeants
  3 scorpions (D:5)
  10 wights
  11 killer bees
  3 howler monkeys (D:9)
  A human zombie (D:7)
  3 hounds
  2 jellies
  Crazy Yiuf (D:5)
  9 orc priests
  A gnoll shaman (D:6)
  7 orc wizards
  2 iguanas
  22 gnolls
  7 adders
  A shadow imp (D:6)
  3 white imps (D:5)
  2 ufetubi
  3 worms
  2 dart slugs
  37 orcs
  9 endoplasms
  3 giant cockroaches
  8 goblins
  14 hobgoblins
  5 jackals (D:2)
  14 kobolds
  3 quokkas (D:1)
  8 ball pythons
  5 bats
  A goblin skeleton (D:5)
  A goblin zombie (D:5)
  2 hobgoblin zombies (D:5)
  2 kobold skeletons (D:5)
  4 kobold zombies (D:5)
  6 rats
252 creatures vanquished.

Vanquished Creatures (others)
  An orc (D:8)
1 creature vanquished.

Grand Total: 253 creatures vanquished

Notes
Turn   | Place    | Note
-------+----------+-------------------------------------------
     0 | D:1      | Sabo the Minotaur Fighter began the quest for the Orb.
     0 | D:1      | Reached XP level 1. HP: 19/19 MP: 0/0
   205 | D:1      | Reached XP level 2. HP: 27/27 MP: 1/1
   508 | D:1      | Found a faded altar of an unknown god.
   620 | D:1      | Prayed at the altar of an unknown god.
   620 | D:1      | Became a worshipper of the Shining One
   620 | D:1      | Reached * piety under the Shining One
   998 | D:2      | Reached XP level 3. HP: 34/34 MP: 2/2
  1158 | D:2      | Noticed Sigmund
  1173 | D:2      | Killed Sigmund
  1174 | D:2      | Reached skill level 5 in Fighting
  1174 | D:2      | Reached XP level 4. HP: 10/42 MP: 3/3
  1174 | D:2      | Reached XP level 5. HP: 12/48 MP: 4/4
  2248 | D:3      | Reached XP level 6. HP: 53/56 MP: 5/5
  2255 | D:3      | Reached skill level 5 in Armour
  2689 | D:3      | Reached skill level 5 in Axes
  2708 | D:3      | Reached ** piety under the Shining One
  3254 | D:3      | Gained mutation: Your movements are slightly less
                  | encumbered by armour. (ER -2) [potion of mutation]
  3254 | D:3      | Gained mutation: You occasionally lose the ability to drink
                  | potions when taking damage. [potion of mutation]
  3254 | D:3      | Gained mutation: You are somewhat resistant to further
                  | mutation. [potion of mutation]
  3257 | D:3      | Lost mutation: Your movements are slightly less encumbered
                  | by armour. (ER -2) [potion of mutation]
  3257 | D:3      | Lost mutation: You occasionally lose the ability to drink
                  | potions when taking damage. [potion of mutation]
  3257 | D:3      | Gained mutation: You occasionally shout uncontrollably at
                  | your foes. [potion of mutation]
  3257 | D:3      | Gained mutation: You frequently scream uncontrollably at
                  | your foes. [potion of mutation]
  3258 | D:3      | Lost mutation: You frequently scream uncontrollably at your
                  | foes. [potion of mutation]
  3258 | D:3      | Lost mutation: You occasionally shout uncontrollably at
                  | your foes. [potion of mutation]
  3258 | D:3      | Lost mutation: You are somewhat resistant to further
                  | mutation. [potion of mutation]
  3258 | D:3      | Gained mutation: You are clumsy. (Dex -2) [potion of
                  | mutation]
  3381 | D:4      | Reached skill level 1 in Dodging
  3889 | D:4      | Found a shimmering altar of Xom.
  4043 | D:4      | Reached XP level 7. HP: 50/61 MP: 6/6
  4610 | D:5      | Entered Level 5 of the Dungeon
  4610 | D:5      | Found Voabra Falae's Antique Weapon Emporium.
  5218 | D:5      | The Shining One protects you from harm!
  5220 | D:5      | Reached XP level 8. HP: 4/70 MP: 7/7
  5230 | D:5      | Reached *** piety under the Shining One
  5477 | D:5      | Found a glowing golden altar of the Shining One.
  5618 | D:5      | Found a sacrificial altar of Ru.
  5794 | D:5      | Found a runed translucent door.
  5795 | D:5      | Noticed Crazy Yiuf
  5803 | D:5      | Killed Crazy Yiuf
  6215 | D:6      | Reached skill level 5 in Shields
  6518 | D:6      | Noticed Pikel
  6535 | D:6      | Killed Pikel
  6536 | D:6      | Reached skill level 1 in Stealth
  6580 | D:6      | Identified the +0 scale mail of Mougoh {Contam rF+ Will++
                  | SInv}
  6648 | D:6      | Reached XP level 9. HP: 79/79 MP: 8/8
  7054 | D:6      | Found a staircase to the Ecumenical Temple.
  7634 | D:7      | Found an ancient bone altar of Kikubaaqudgha.
  7674 | D:7      | Noticed Prince Ribbit
  7685 | D:7      | Killed Prince Ribbit
  7922 | D:7      | Found a flagged portal.
  7930 | D:7      | Identified the +4 dagger "Metrizo" {freeze, rF- Int+7}
  8041 | Bailey   | Entered a bailey
  8177 | Bailey   | Reached skill level 5 in Maces & Flails
  8816 | Bailey   | Noticed an orc knight
  8956 | D:7      | Reached **** piety under the Shining One
  9307 | D:7      | Found a shimmering blue altar of Sif Muna.
  9349 | D:7      | You fall into a shaft and drop 2 floors!
  9381 | D:9      | Found a stormy altar of Qazlal.
  9449 | D:9      | Found a bloodstained altar of Trog.
  9491 | D:9      | Reached XP level 10. HP: 71/88 MP: 6/9
  9551 | D:9      | Found a snail-covered altar of Cheibriados.
  9730 | D:8      | Identified the +11 whip of Disharmony {speed, rPois Will+
                  | Int+2}
 10185 | D:8      | Reached ***** piety under the Shining One
 10189 | D:8      | Noticed Grum
 10205 | D:8      | Killed Grum
 10206 | D:8      | Noticed a two-headed ogre
 10218 | D:8      | Killed a two-headed ogre
 10219 | D:8      | Reached skill level 5 in Dodging
 10826 | D:8      | Upgraded the game from 0.29-a0-723-gce39da1c22 to
                  | 0.29-a0-732-g3d7fbe0af2
 11752 | D:9      | Noticed a two-headed ogre
 11766 | D:9      | Slain by a two-headed ogre

Illustrated notes

Levels and vault maps discovered:
D:1:      beargit_arrival_greenhouse, layout_basic,
          nicolae_ecumenical_snake_handling
D:2:      layout_loops_ring, minmay_cut_off, uniq_sigmund
D:3:      cheibrodos_thug_alley, layout_rooms
D:4:      layout_layer_cave, xom_butterflies
D:5:      layout_basic, nicolae_ru_path_of_blood, nicolae_tso_besieged_by_evil,
          serial_shops, nicolae_shop_stone, st_stairs_2, uniq_crazy_yiuf_cottage
D:6:      layout_cave_pods, minmay_temple_entry_grid, uniq_pikel
D:7:      layout_rooms, nicolae_sif_muna_condensation,
          lemuel_mausoleum_altar_kikubaaqudgha, enter_bailey_4,
          uniq_prince_ribbit1
D:8:      layout_basic, chequers_serial_rivers_micro_c, uniq_grum
D:9:      minmay_octagon_keep, layout_rooms, bloody_trog,
          mainiacjoe_overflow_small_starburst,
          mainiacjoe_overflow_concentric_impassable

Skill      XL: |  1  2  3  4  5  6  7  8  9 10 |
---------------+-------------------------------+-----
Fighting       | 4 5 7 8 |  8.6
Armour         | 4 5 6 7 8 9 |  9.5
Axes           | 4 5 7 9 |  9.1
Shields        | 4 5 7 8 |  8.6
Dodging        | 1 3 4 5 |  5.4
Maces & Flails | 3 6 8 |  8.6
Stealth        | 1 |  1.6

Action                   |  1- 3 |  4- 6 |  7- 9 | 10-12 || total
-------------------------+-------+-------+-------+-------++-------
Melee: War axe           |    66 |    94 |    54 |       ||   214
       Headbutt          |    11 |    14 |    62 |    31 ||   118
       Mace              |       |       |   214 |    55 ||   269
       Whip              |       |       |       |    73 ||    73
  Use: Scroll            |     1 |     5 |     6 |     2 ||    14
       Potion            |       |     4 |     4 |     2 ||    10
Armor: Scale mail        |    40 |    40 |   184 |    81 ||   345
Dodge: Dodged            |    43 |    40 |   176 |   110 ||   369
Block: Buckler           |    23 |    23 |    49 |       ||    95
       Kite shield       |       |       |    93 |   123 ||   216

Table legend: (Time is in decaauts)
 A = Elapsed time spent in this place.
 B = Non-inter-level travel time spent in this place.
 C = Inter-level travel time spent in this place.
 D = Time resting spent in this place.
 E = Time spent auto-exploring this place.
 F = Levels seen in this place.
 G = Mean time per level.
                   A        B        C        D        E       F      G
               +--------+--------+--------+--------+--------+-----+--------+
         Total |  11873 |  11873 |      0 |   3991 |      0 |  10 | 1187.3 |
       Dungeon |  10951 |  10951 |      0 |   3544 |      0 |   9 | 1216.8 |
        Bailey |    922 |    922 |      0 |    447 |      0 |   1 |  922.0 |
               +--------+--------+--------+--------+--------+-----+--------+

Top non-repeatable levels by time:
     D:5: 1585 daAuts
     D:8: 1577 daAuts
     D:6: 1413 daAuts
     D:4: 1351 daAuts
     D:2: 1276 daAuts
     D:3: 1043 daAuts
     D:1: 994 daAuts
  Bailey: 922 daAuts
     D:7: 895 daAuts
     D:9: 813 daAuts
